 Dungeon Crawl Stone Soup version 0.19-a0-1740-g0bcaf2e (webtiles) character file.

6449 4thArraOfDagon the Grappler (level 10, -1/98 HPs)
             Began as a Troll Monk on Oct 2, 2016.
             Was a High Priest of Okawaru.
             Slain by a killer bee (5 damage)
             ... on level 11 of the Dungeon.
             The game lasted 00:10:55 (2452 turns).

4thArraOfDagon the Grappler (Troll Monk)            Turns: 2452, Time: 00:10:55

Health: -1/98      AC:  6    Str: 21    XL:     10   Next: 67%
Magic:  11/14      EV: 13    Int: 14    God:    Okawaru [*****.]
Gold:   287        SH:  0    Dex: 12    Spells: 2 memorised, 5 levels left

rFire  . . .     SeeInvis .       - Unarmed
rCold  . . .     Gourm    +     a - +0 robe
rNeg   . . .     Faith    .     (no shield)
rPois  .         Spirit   .     (helmet restricted)
rElec  .         Dismiss  .     s - +0 cloak
rCorr  .         Reflect  .     (gloves unavailable)
MR     .....     Harm     .     (boots unavailable)
Stlth  ++........               (no amulet)
                                (no ring)
                                (no ring)

@: brilliant, about to teleport, heroism, finesse
A: unfitting armour, claws 3, fast metabolism 3, gourmand, regeneration 1,
shaggy fur 1, tough skin 2
a: Heroism, Finesse, Renounce Religion


You were on level 11 of the Dungeon.
You worshipped Okawaru.
Okawaru was extremely pleased with you.
You were very full.

You visited 1 branch of the dungeon, and saw 11 of its levels.

You collected 287 gold pieces.

Inventory:

Hand Weapons
 g - the +6 dagger of Linearity {flame, rElec rPois Int+3 Dex+2}
   (You found it on level 4 of the Dungeon)

   It has been specially enchanted to burn those struck by it, causing extra
   injury to most foes and up to half again as much damage against particularly
   susceptible opponents.
   It affects your intelligence (+3).
   It affects your dexterity (+2).
   It insulates you from electricity.
   It protects you from poison.
Missiles
 B - 6 javelins of returning (quivered)
Armour
 a - a +0 robe (worn)
 s - a +0 cloak (worn)
Wands
 f - a wand of lightning (7/15)
 h - a wand of polymorph (0/24)
Scrolls
 e - 3 scrolls of teleportation
 i - a scroll of magic mapping {unknown}
 k - 2 scrolls of blinking {unknown}
 m - 2 scrolls of enchant armour {unknown}
 o - a scroll of amnesia {unknown}
 q - 4 scrolls of remove curse {unknown}
 v - a scroll of fog {unknown}
 y - 2 scrolls of vulnerability {unknown}
 A - 3 scrolls of fear {unknown}
Potions
 c - a potion of agility {unknown}
 d - a potion of heal wounds {unknown}
 j - 3 potions of cancellation {unknown}
 l - a potion of cure mutation {unknown}
 n - a potion of might {unknown}
 p - 2 potions of beneficial mutation {unknown}
 r - 2 potions of curing {unknown}
 t - a potion of resistance {unknown}
 w - a potion of mutation {unknown}
Comestibles
 b - 4 bread rations
 z - a meat ration


   Skills:
 + Level 6.0(11.0) Fighting
 - Level 2.4(7.4) Dodging
 - Level 1.1(6.1) Stealth
 * Level 12.2(17.2) Unarmed Combat
 + Level 7.9 Invocations


You had 5 spell levels left.
You knew the following spells:

 Your Spells              Type           Power        Failure   Level  Hunger
a - Blink                 Tloc           N/A          5%          2    ###....
b - Repel Missiles        Chrm/Air       #.....       5%          2    ###....


Dungeon Overview and Level Annotations

Branches:
Dungeon (11/15)            Temple (0/1) D:6
   Lair: D:8-11         Orc: D:9-12

Altars:
Elyvilon
Okawaru
The Shining One

Annotations:
D:8 1 exclusion
D:11 Sonja


Innate Abilities, Weirdness & Mutations

You are too large for most types of armour.
You have claws for hands.
Your metabolism is lightning-fast.
You like to eat raw meat.
Your natural rate of healing is unusually fast.
You are covered in fur. (AC +1)
You have very tough skin. (AC +2)


Message History

The kobold hits you with a club.
* * * LOW HITPOINT WARNING * * *
Unknown command.
Unknown command.
You scratch the kobold but do no damage.
You claw the kobold.
You kill the kobold!
The hill giant moves out of view.
Sonja, the Graceful Assassin comes into view.
She is wielding a dagger of distortion.
It was a potion of brilliance.
You feel clever all of a sudden.
You are no longer corroded.
The killer bee misses you. 2 killer bees come into view.
Unknown command.
As you read the scroll of teleportation, it crumbles to dust.
You feel strangely unstable.
The killer bee moves out of view.
The killer bee stings you.
* * * LOW HITPOINT WARNING * * *
The killer bee stings you.
You die...

######### ## # .........#
#..#. #........# #....##
#.......# #.#....
#.......# ......y####
#.......# #...)oK)####
#.......##
#....##hy@.######........#
#.... ####..(..##.........
......< #####............
#.#.... ###............
#...... ###...###.....<..
##..#.# #...### #........
..).. #.### #....)... ##.#
#........ #)ยง## ##.......


You could see a howler monkey, 2 killer bees, an orc and a kobold.

Vanquished Creatures
  A hill giant (D:11)
  The ghost of Kenran the Fighter, a novice MiAs of Ru (D:5)
  A deep elf mage (D:11)
  An ugly thing (D:11)
  A cyclops (D:11)
  A centaur zombie (D:11)
  A troll (D:11)
  Grinder (D:4)
  A hippogriff (D:11)
  A fire elemental (D:11)
  5 yaks (D:11)
  2 hungry ghosts (D:7)
  Edmund (D:4)
  2 orc warriors
  3 ice beasts
  A black bear (D:10)
  A phantom (D:5)
  A centaur (D:8)
  A big kobold (D:11)
  4 bullfrogs
  A gnoll sergeant (D:8)
  3 wights (D:8)
  4 killer bees
  A howler monkey (D:4)
  A crimson imp (D:11)
  A jelly (D:8)
  An orc priest (D:9)
  A gnoll shaman (D:8)
  5 orc wizards
  A bullfrog skeleton (D:6)
  A hound (D:7)
  An iguana (D:7)
  4 worker ants
  A hound zombie (D:6)
  12 gnolls
  3 adders
  2 shadow imps
  An adder skeleton (D:6)
  A worm (D:2)
  2 dart slugs
  4 leopard geckos
  14 orcs
  2 giant cockroaches
  3 hobgoblins
  7 jackals
  8 kobolds
  2 quokkas
  A bat (D:2)
  A frilled lizard (D:2)
  10 goblins
  A quokka skeleton (D:4)
  A quokka zombie (D:6)
  2 rats
134 creatures vanquished.

Notes
Turn   | Place    | Note
-------+----------+-------------------------------------------
     0 | D:1      | 4thArraOfDagon the Troll Monk began the quest for the Orb.
     0 | D:1      | Reached XP level 1. HP: 22/22 MP: 0/0
    38 | D:1      | jacquesderrida: etten
    91 | D:1      | Reached XP level 2. HP: 17/29 MP: 1/1
   114 | D:1      | You fall through a shaft!
   124 | D:2      | Found an iron altar of Okawaru.
   131 | D:2      | Became a worshipper of Warmaster Okawaru
   131 | D:2      | Reached * piety under Okawaru
   131 | D:2      | Reached ** piety under Okawaru
   138 | D:2      | jacquesderrida: okar
   150 | D:2      | 4thArraOfDagon: oo
   155 | D:2      | 4thArraOfDagon: kk
   186 | D:2      | jacquesderrida: golden armar soon
   223 | D:2      | Reached skill level 4 in Unarmed Combat
   224 | D:2      | Found a faded altar of an unknown god.
   262 | D:2      | Reached XP level 3. HP: 36/36 MP: 2/2
   357 | D:3      | 4thArraOfDagon: yea
   357 | D:3      | 4thArraOfDagon: its about time
   357 | D:3      | 4thArraOfDagon: to nail this combo
   401 | D:4      | Got a scorched dagger
   405 | D:4      | Identified the +6 dagger of Linearity {flame, rElec rPois Int+3 Dex+2} (You found it on level 4 of the Dungeon)
   406 | D:4      | :D
   427 | D:4      | Reached skill level 1 in Invocations
   427 | D:4      | Reached XP level 4. HP: 44/44 MP: 2/4
   451 | D:4      | Noticed Edmund
   460 | D:4      | Noticed Grinder
   497 | D:4      | Killed Edmund
   497 | D:4      | Reached skill level 5 in Unarmed Combat
   497 | D:4      | Reached XP level 5. HP: 36/50 MP: 2/5
   524 | D:4      | Killed Grinder
   524 | D:4      | Reached skill level 6 in Unarmed Combat
   524 | D:4      | Reached XP level 6. HP: 30/59 MP: 2/7
   578 | D:4      | Found a glowing golden altar of the Shining One.
   685 | D:5      | Entered Level 5 of the Dungeon
   705 | D:5      | Noticed Kenran's ghost (novice MiAs)
   713 | D:5      | Killed Kenran's ghost
   713 | D:5      | Reached *** piety under Okawaru
   713 | D:5      | Reached skill level 7 in Unarmed Combat
   713 | D:5      | Reached XP level 7. HP: 66/66 MP: 5/9
   769 | D:5      | Reached skill level 8 in Unarmed Combat
   855 | D:6      | Found a staircase to the Ecumenical Temple.
   917 | D:5      | Reached XP level 8. HP: 56/74 MP: 10/10
  1278 | D:6      | Reached **** piety under Okawaru
  1355 | D:7      | Reached skill level 5 in Invocations
  1369 | D:7      | Reached skill level 9 in Unarmed Combat
  1679 | D:8      | Found a white marble altar of Elyvilon.
  1747 | D:8      | Reached XP level 9. HP: 77/84 MP: 9/12
  1845 | D:8      | Reached skill level 10 in Unarmed Combat
  1862 | D:8      | Learned a level 2 spell: Blink
  1865 | D:8      | Learned a level 2 spell: Repel Missiles
  1955 | D:10     | Entered Level 10 of the Dungeon
  1966 | D:10     | Reached ***** piety under Okawaru
  2215 | D:11     | Noticed a hill giant
  2222 | D:11     | Reached skill level 5 in Fighting
  2222 | D:11     | Reached skill level 11 in Unarmed Combat
  2228 | D:11     | Killed a hill giant
  2228 | D:11     | Reached XP level 10. HP: 37/96 MP: 12/14
  2353 | D:11     | Noticed a deep elf mage
  2360 | D:11     | Noticed a deep elf mage
  2361 | D:11     | Killed a deep elf mage
  2361 | D:11     | Received a gift from Okawaru
  2381 | D:11     | Noticed a cyclops
  2407 | D:11     | Killed a cyclops
  2407 | D:11     | Reached skill level 12 in Unarmed Combat
  2408 | D:11     | Noticed a brown ugly thing
  2432 | D:11     | Killed a brown ugly thing
  2449 | D:11     | Noticed a hill giant
  2451 | D:11     | Noticed Sonja
  2452 | D:11     | HP: 4/98 [killer bee (6)]
  2452 | D:11     | Slain by a killer bee

Vault maps used:
D:1:      elethiomel_arrival_infinity_welcomes_careful_drivers,
          minmay_misc_feat_doors
D:2:      first_bread, ecumenical_altar_2, okawaru_trees_2
D:3:      nicolae_overflow_crystal_walls, gammafunk_temple_overflow_pools,
          serial_bayou, serial_bayou_shore_b, serial_bayou_pond_d,
          serial_bayou_pond_b, serial_bayou_pond_b, grunt_decor_cap
D:4:      kennysheep_the_goblin_king, hangedman_decor_riveting,
          kennysheep_doodads, tso_altar, uniq_edmund, uniq_grinder
D:8:      lemuel_ice_spiral_2, basic_altar
D:9:      gammafunk_temple_overflow_statue
D:10:     uniq_psyche
D:11:     cheibrodos_lost_city_excavation, erik_lair_orcish_takeover, uniq_sonja

Skill      XL: |  1  2  3  4  5  6  7  8  9 10 |
---------------+-------------------------------+-----
Unarmed Combat | 4 5 6 7 8 9 11 12 | 12.2
Invocations    | 1 2 3 4 5 7 |  7.9
Fighting       | 3 5 6 |  6.0
Dodging        | |  2.4
Stealth        | |  1.1

Action                   |  1- 3 |  4- 6 |  7- 9 | 10-12 || total
-------------------------+-------+-------+-------+-------++-------
Melee: Unarmed           |    47 |    58 |   233 |    71 ||   409
       Punch             |     1 |     2 |     9 |     6 ||    18
Throw: Throwing net      |       |       |       |     1 ||     1
Invok: Heroism           |       |     4 |     6 |     3 ||    13
       Finesse           |       |       |       |     1 ||     1
  Use: Scroll            |       |       |       |     2 ||     2
       Potion            |       |       |       |     1 ||     1
 Stab: Sleeping          |       |       |     2 |       ||     2
       Held in net/web   |       |       |       |     1 ||     1
  Eat: Chunk             |     3 |     6 |    21 |     1 ||    31
       Beef jerky        |       |       |     1 |       ||     1
       Royal jelly       |       |       |     1 |       ||     1
Armor: Robe              |    19 |    13 |    54 |     6 ||    92
Dodge: Dodged            |    21 |    21 |   114 |    21 ||   177
